 Dungeon Crawl Stone Soup version 0.25.0-33-gff14898491 (webtiles) character file.

Game seed: 14436038923811865661

163 nikku the Sneak (level 5, 0/36 HPs)
             Began as an Octopode Assassin on July 7, 2020.
             Hit by a boomerang thrown by an orc (4 damage)
             ... on level 5 of the Dungeon.
             The game lasted 00:08:21 (1653 turns).

nikku the Sneak (Octopode Assassin)                 Turns: 1653, Time: 00:08:21

Health: 0/36       AC:  1    Str: 10    XL:     5   Next: 44%
Magic:  5/5        EV: 14    Int: 13    God:
Gold:   82         SH:  0    Dex: 15    Spells: 4/4 levels left

rFire    . . .     SeeInvis .   f - +3 dagger (freeze)
rCold    . . .     Gourm    .   (no shield)
rNeg     . . .     Faith    .   (helmet restricted)
rPois    .         Spirit   .   (no amulet)
rElec    .         Reflect  .   (no ring)
rCorr    .         Harm     .   (no ring)
MR       .....                  (no ring)
Stlth    ++++......             (no ring)
HPRegen  0.12/turn              (no ring)
MPRegen  0.09/turn              (no ring)
                                (no ring)
                                (no ring)

@: lethally poisoned (0 -> -2)
A: almost no armour, stealthy swim, amphibious, 8 rings, constrict 8, camouflage
1, gelatinous body 1
a: no special abilities


You were on level 5 of the Dungeon.
You were not hungry.

You visited 1 branch of the dungeon, and saw 5 of its levels.

You collected 82 gold pieces.

Inventory:

Hand Weapons
 f - a +3 dagger of freezing (weapon)
 h - a cursed +0 spear
Missiles
 c - 2 curare-tipped darts (quivered)
Wands
 k - a wand of random effects (19)
Scrolls
 e - a scroll of enchant armour
 g - a scroll of identify
 l - a scroll of magic mapping {unknown}
Potions
 a - a potion of stabbing
 i - a potion of curing
 j - a potion of lignification {unknown}
Comestibles
 d - 2 rations


   Skills:
 + Level 3.1 Fighting
 + Level 3.1 Short Blades
 - Level 2.0 Throwing
 + Level 2.5 Dodging
 + Level 6.5 Stealth


You had 4 spell levels left.
You didn't know any spells.
Your spell library was empty.

Dungeon Overview and Level Annotations

Branches:
Dungeon (5/15)
 Temple: D:4-7

Altars:
Xom


Innate Abilities, Weirdness & Mutations

You cannot wear most types of armour.
You are very stealthy in the water. (Stealth+)
You are amphibious.
You can wear up to eight rings at the same time.
You can use your tentacles to constrict eight enemies at once.
Your skin changes colour to match your surroundings (Stealth+).
Your rubbery body absorbs attacks. (AC +1, EV +1)


Message History

You slide downwards.
The hatch slams shut behind you. 2 orcs, an orc priest and an orc wizard come into view.
Found a scroll labeled AHEARI NORPHU and a leather armour.
You can't go up here!
You feel sick.
The orc shouts!
The orc throws a boomerang.
The boomerang barely misses you.
The weapon returns to the orc!
The orc priest invokes the aid of Beogh against you.
Beogh smites you!
* * * LOW HITPOINT WARNING * * *
The orc priest casts a cantrip, but nothing happens.
You feel sick.
The orc wizard casts a spell.
The orc wizard blinks!
The orc throws a boomerang.
The boomerang closely misses you.
The weapon returns to the orc!
The orc priest looks satisfied for a moment.
You feel sick.
The orc throws a boomerang.
The boomerang hits you.
You die...

#...............#
##.....?......##
#...oo......##
...........###
......o....#
...........#
########...#
#...# ##@.# #..#
...# #..## ..##
#.# .# .#


You could see an orc priest, an orc wizard and an orc.

Vanquished Creatures
  An ogre (D:4)
  4 adders
  2 worms (D:2)
  A dart slug (D:1)
  2 leopard geckos (D:1)
  An orc (D:4)
  A bat (D:1)
  A giant cockroach (D:1)
  5 goblins
  7 hobgoblins
  2 jackals (D:2)
  3 kobolds (D:1)
  2 frilled lizards (D:1)
  3 rats
35 creatures vanquished.

Notes
Turn   | Place    | Note
-------+----------+-------------------------------------------
     0 | D:1      | nikku the Octopode Assassin began the quest for the Orb.
     0 | D:1      | Reached XP level 1. HP: 14/14 MP: 1/1
   102 | D:1      | Reached XP level 2. HP: 19/19 MP: 2/2
   565 | D:1      | Reached XP level 3. HP: 25/25 MP: 3/3
  1075 | D:2      | You fall into a shaft and drop 1 floor!
  1075 | D:3      | Found a shimmering altar of Xom.
  1136 | D:3      | Reached skill level 6 in Stealth
  1136 | D:3      | Reached XP level 4. HP: 30/30 MP: 4/4
  1180 | D:3      | You fall into a shaft and drop 1 floor!
  1337 | D:4      | Noticed an ogre
  1349 | D:4      | Killed an ogre
  1349 | D:4      | Reached XP level 5. HP: 12/36 MP: 5/5
  1644 | D:5      | Entered Level 5 of the Dungeon
  1653 | D:5      | Hit by a boomerang thrown by an orc

Illustrated notes

Levels and vault maps discovered:
D:1:      dpeg_arrival_line_fractal, layout_loops_ring, chequers_big_river,
          minmay_bisected
D:2:      layout_loops_ring, chequers_jeans, minmay_mini_jars
D:3:      layout_basic, xom_butterflies, lemuel_crystal_altar, fedhas_altar_3
D:4:      layout_loops_cross, lemuel_crystal_altar, gup_sewer_entry_bubbles
D:5:      layout_layer_cave, first_ration, uniq_grinder

Skill      XL: |  1  2  3  4 |
---------------+-------------+-----
Dodging        | 2 |  2.5
Stealth        | 6 |  6.5
Fighting       | 3 |  3.1
Short Blades   | 3 |  3.1
Throwing       | |  2.0

Action                   |  1- 3 |  4- 6 || total
-------------------------+-------+-------++-------
Melee: Dagger            |    32 |    11 ||    43
       Constrict         |    11 |     1 ||    12
       Tentacles         |     5 |     4 ||     9
Throw: Dart              |    44 |     5 ||    49
  Use: Scroll            |     4 |       ||     4
  Eat: Chunk             |     1 |     1 ||     2
Armor: Skin              |     2 |       ||     2
Dodge: Dodged            |    13 |     8 ||    21
